 Dungeon Crawl Stone Soup version 0.31-a0-559-g03b8d61ab2 (webtiles) character file.

Game seed: 9875063636336563796

13 Ethylacetat the Insei (level 2, 0/20 HPs)
             Began as an Octopode Gladiator on Aug 17, 2023.
             Slain by Sigmund
             ... wielding a +0 scythe
              (8 damage)
             ... on level 2 of the Dungeon.
             The game lasted 00:00:35 (977 turns).

Ethylacetat the Insei (Octopode Gladiator)           Turns: 977, Time: 00:00:36

Health: 0/20       AC:  1    Str: 13    XL:     2   Next: 37%
Magic:  2/2        EV: 14    Int: 10    God:
Gold:   61         SH:  0    Dex: 13    Spells: 1/1 levels left

rFire   . .          .
                       - Unarmed
rCold   . . .        (no shield)
rNeg    . . .        a - +0 hat
rPois   .            (no amulet)
rElec   .            (no ring)
rCorr   .            (no ring)
SInv    .            (no ring)
Will    .....        (no ring)
Stlth   ++           (no ring)
HPRegen 0.23/turn    (no ring)
MPRegen 0.08/turn    (no ring)
                     (no ring)

%: no passive effects
@: no status effects
A: almost no armour, amphibious, 8 rings, camouflage 1, gelatinous body 1,
(nimble swimmer 1), tentacles
a: no special abilities


You were on level 2 of the Dungeon.
You visited 1 branch of the dungeon, and saw 2 of its levels.

You collected 61 gold pieces.

Inventory:

Missiles
 b - 3 throwing nets (quivered)
 c - a javelin
Armour
 a - a +0 hat (worn)
Scrolls
 e - a scroll of revelation {unknown}
 f - a scroll of blinking {unknown}
 g - 3 scrolls of immolation {unknown}
Potions
 d - 2 potions of ambrosia {unknown}


   Skills:
 + Level 2.3 Fighting
 - Level 2.0 Throwing
 + Level 3.2 Dodging
 + Level 3.2 Unarmed Combat


You had one spell level left.
You didn't know any spells.
Your spell library contained the following spells:

 Spells                   Type           Power      Damage    Failure   Level
 Magic Dart               Conj           0%         1d3       36%         1
 Searing Ray              Conj           0%         2d4       50%         2
 Fulminant Prism          Conj/Hex       0%         3d5       98%         4


Dungeon Overview and Level Annotations

Branches:
Dungeon (2/15)

Altars:

Annotations:
D:2 Sigmund


Innate Abilities, Weirdness & Mutations

You cannot wear most types of armour.
You are amphibious.
You can wear up to eight rings at the same time.
Your skin changes colour to match your surroundings (Stealth+).
Your rubbery body absorbs attacks. (AC +1, EV +1)
((You are camouflaged when in or above water. (Stealth+)))
You have tentacles for arms and can constrict up to eight enemies at once.


Message History

Found 5 stones.
No target in view!
d - 2 golden potions (gained 1)
Found an escape hatch in the ceiling.
No target in view!
Found a stone staircase leading down.
No target in view!
A hobgoblin comes into view.
Found 4 stones.
Found an escape hatch in the floor.
Sigmund the Dreaded comes into view.
He is wielding a +0 scythe.
There are monsters nearby!
There are monsters nearby!
Sigmund shouts!
The hobgoblin shouts!
There are monsters nearby!
You tentacle-slap the hobgoblin. You grab the hobgoblin.
The hobgoblin is lightly wounded.
You constrict the hobgoblin.
Sigmund laughs darkly.
The hobgoblin closely misses you.
You tentacle-slap the hobgoblin.
The hobgoblin is moderately wounded.
You constrict the hobgoblin, but do no damage.
The hobgoblin closely misses you.
You tentacle-slap the hobgoblin.
The hobgoblin is heavily wounded.
You constrict the hobgoblin. The hobgoblin hits you.
You tentacle-slap the hobgoblin.
You kill the hobgoblin!
Sigmund barely misses you.
You closely miss Sigmund. You grab Sigmund.
You constrict Sigmund, but do no damage.
You completely miss Sigmund.
You constrict Sigmund, but do no damage.
Sigmund hits you with a +0 scythe!
You are too injured to fight recklessly!
You are too injured to fight recklessly!
You are too injured to fight recklessly!
You completely miss Sigmund. You constrict Sigmund.
Sigmund hits you with a +0 scythe!
You die...

#.# #.#.# #.# #.#.# #.##
#.#.# ...# #.#.######
...# ##.#....<.#
...#####...#####.#
.......>.........#######
#######....####.........
#.#.......@@......
#.#.#####.##...### #...#
#># ..# #..## #.# .#
#..# #.# .. #..# #(# ##
### #..# #.# ..# #..#
#.# #.# #(.. ..#


You could see Sigmund.

Vanquished Creatures
  3 ball pythons
  An endoplasm (D:2)
  2 hobgoblins (D:2)
  2 quokkas
  A frilled lizard (D:1)
  3 rats
12 creatures vanquished.

Notes
Turn   | Place    | Note
-------+----------+-------------------------------------------
     0 | D:1      | Ethylacetat the Octopode Gladiator began the quest for the
                  | Orb.
     0 | D:1      | Reached XP level 1. HP: 14/14 MP: 1/1
   695 | D:2      | Reached XP level 2. HP: 18/19 MP: 2/2
   967 | D:2      | Noticed Sigmund
   977 | D:2      | Slain by Sigmund

Illustrated notes

Levels and vault maps discovered:
D:1:      saegor_arrival_simple_d, layout_loops_cross,
          minmay_misc_feat_secret_circle, minmay_crystal_water, minivault_4
D:2:      layout_loops_ring, uniq_sigmund

Action                     || total
---------------------------++-------
  Melee: Unarmed           ||    29
         Constrict         ||     8
         Tentacles         ||     6
   Stab: Sleeping          ||     3
 Armour: Skin              ||     1
  Dodge: Dodged            ||    12

Table legend: (Time is in decaauts)
 A = Elapsed time spent in this place.
 B = Non-inter-level travel time spent in this place.
 C = Inter-level travel time spent in this place.
 D = Time resting spent in this place.
 E = Time spent auto-exploring this place.
 F = Levels seen in this place.
 G = Mean time per level.
                   A        B        C        D        E       F      G
               +--------+--------+--------+--------+--------+-----+--------+
         Total |    974 |    969 |      5 |      0 |    873 |   2 |  487.0 |
       Dungeon |    974 |    969 |      5 |      0 |    873 |   2 |  487.0 |
               +--------+--------+--------+--------+--------+-----+--------+

Top non-repeatable levels by time:
     D:1: 630 daAuts
     D:2: 344 daAuts
